 Dungeon Crawl Stone Soup version 0.23.2-1-ga50397a (webtiles) character file.

Game seed: 5230605368644464322

1987 diana the Skirmisher (level 9, -3/72 HPs)
             Began as a Demonspawn Gladiator on May 3, 2019.
             Was an Initiate of Gozag.
             Slain by a hornet (9 damage)
             ... on level 8 of the Dungeon.
             The game lasted 00:13:15 (6490 turns).

diana the Skirmisher (Demonspawn Gladiator)         Turns: 6490, Time: 00:13:16

Health: -3/72      AC: 15    Str: 17    XL:     9   Next: 1%
Magic:  9/9        EV: 10    Int: 10    God:    Gozag
Gold:   582        SH:  0    Dex: 15    Spells: 8/8 levels left

rFire    . . .     SeeInvis .   a - +0 quarterstaff
rCold    + . .     Gourm    .   (shield currently unavailable)
rNeg     . . .     Faith    .   K - +2 chain mail {rPois}
rPois    +         Spirit   .   c - +0 helmet
rElec    .         Reflect  .   F - +0 cloak
rCorr    +         Harm     .   (no gloves)
MR       .....                  G - +0 pair of boots
Stlth    ..........             I - amulet of the acrobat
HPRegen  0.22/turn              j - ring of resist corrosion
MPRegen  0.11/turn              b - ring of flight (curse)

@: lethally poisoned (-3 -> -3), slowed, very slow
A: claws 2, cold resistance 1
a: Potion Petition, Call Merchant, Bribe Branch, Renounce Religion, Evoke Flight


You were on level 8 of the Dungeon.
You worshipped Gozag.
Gozag was pleased with you.
You were not hungry.

You visited 2 branches of the dungeon, and saw 9 of its levels.

You collected 664 gold pieces.
You paid 82 gold pieces to Gozag.

Inventory:

Hand Weapons
 a - a +0 quarterstaff (weapon)
Armour
 c - a +0 helmet (worn)
 F - a +0 cloak (worn)
 G - a +0 pair of boots (worn)
 K - a +2 chain mail of poison resistance (worn)
Jewellery
 b - a cursed ring of flight (right claw)
 j - a ring of resist corrosion (left claw)
 k - an uncursed ring of ice
 I - an amulet of the acrobat (around neck)
Wands
 s - a wand of iceblast (10)
 t - a wand of flame (11)
 A - a wand of digging (3)
 D - a wand of paralysis (18)
 J - a wand of enslavement (12)
Scrolls
 e - 2 scrolls of immolation {unknown}
 h - 5 scrolls of identify
 i - a scroll of fear {unknown}
 l - a scroll of noise {unknown}
 n - 4 scrolls of remove curse
 o - 5 scrolls of teleportation {unknown}
 r - 2 scrolls of magic mapping {unknown}
 u - a scroll of random uselessness {unknown}
 y - a scroll of brand weapon {unknown}
 B - 3 scrolls of amnesia {unknown}
 E - a scroll of enchant weapon {unknown}
Potions
 m - 3 potions of degeneration {unknown}
 q - 2 potions of resistance {unknown}
 w - a potion of cancellation {unknown}
 x - 3 potions of invisibility
 z - a potion of magic {unknown}
 H - 2 potions of brilliance {unknown}
Comestibles
 f - 16 rations


   Skills:
 * Level 7.3 Fighting
 + Level 5.5 Staves
 - Level 1.7 Throwing
 + Level 5.1 Armour
 + Level 5.4 Dodging


You had 8 spell levels left.
You didn't know any spells.
Your spell library contained the following spells:

 Spells                   Type           Power        Failure   Level  Hunger
 Beastly Appendage        Tmut           #.....       99%         1    ##.....
 Sticks to Snakes         Tmut           #.......     100%        2    ###....
 Spider Form              Tmut/Pois      #.........   100%        3    ####...
 Ice Form                 Ice/Tmut       #.......     100%        4    #####..
 Blade Hands              Tmut           #.........   100%        5    ######.


Dungeon Overview and Level Annotations

Branches:
Dungeon (8/15)             Temple (1/1) D:6
   Lair: D:8-11

Altars:
Ashenzari
Cheibriados
Dithmenos
Fedhas
Gozag
Hepliaklqana
Kikubaaqudgha
Makhleb
Okawaru
Qazlal
Sif Muna
Trog
Uskayaw
Xom
Yredelemnul
Zin
The Shining One


Innate Abilities, Weirdness & Mutations

You have very sharp fingernails.
Your flesh is cold resistant. (rC+)


Message History

* * * LOW HITPOINT WARNING * * *
You hit the hornet but do no damage.
The hornet is severely wounded.
You feel yourself speed up. The hornet stings you.
* * * LOW HITPOINT WARNING * * *
The hornet stings you but does no damage.
Unknown command.
Your chain mail prevents you from hitting the hornet.
The hornet is severely wounded.
You feel sick. The hornet stings you!
* * * LOW HITPOINT WARNING * * *
You feel yourself slow down. The hornet barely misses you.
Unknown command.
You sock the hornet!
The hornet is almost dead.
The hornet stings you but does no damage.
The hornet stings you!
You die...
Your body crumbles into a pile of gold.

.. ..
.# .#
.###
.(.
####.#
#.@yl#
#<####
#.# $
#.#
#.#
...
### $


You could see a hornet and a leopard gecko.

Vanquished Creatures
  2 hippogriffs
  Sigmund (D:2)
  2 ice beasts
  An ogre (D:4)
  A centaur (D:6)
  A water moccasin skeleton (D:5)
  A howler monkey (D:4)
  9 crimson imps (D:7)
  2 bullfrog zombies (D:6)
  An orc priest (D:7)
  A gnoll shaman (D:4)
  A jelly (D:4)
  An iguana (D:4)
  Ijyb (D:4)
  Natasha (thrice) (D:4)
  An orc wizard (D:5)
  5 worker ants
  A hound skeleton (D:7)
  A howler monkey zombie (D:7)
  3 gnolls (D:4)
  A howler monkey skeleton (D:6)
  11 adders
  3 shadow imps
  2 white imps (D:7)
  An adder skeleton (D:4)
  An adder zombie (D:6)
  3 worms
  4 dart slugs
  12 leopard geckos
  10 orcs
  A ball python (D:3)
  16 bats
  6 giant cockroaches
  3 goblins
  9 hobgoblins
  6 jackals
  7 quokkas
  7 kobolds
  12 rats
154 creatures vanquished.

Notes
Turn   | Place    | Note
-------+----------+-------------------------------------------
     0 | D:1      | diana the Demonspawn Gladiator began the quest for the Orb.
     0 | D:1      | Reached XP level 1. HP: 16/16 MP: 1/1
   198 | D:1      | Gained mutation: You have sharp fingernails. [demonic
                  | ancestry]
   198 | D:1      | Reached XP level 2. HP: 14/22 MP: 2/2
   270 | D:1      | Reached skill level 1 in Armour
   474 | D:1      | Reached XP level 3. HP: 16/28 MP: 3/3
   906 | D:2      | Noticed Sigmund
   937 | D:2      | Killed Sigmund
   937 | D:2      | Reached skill level 3 in Fighting
   937 | D:2      | Reached XP level 4. HP: 33/35 MP: 4/4
   937 | D:2      | Reached XP level 5. HP: 38/41 MP: 5/5
  2188 | D:3      | Gained mutation: Your flesh is cold resistant. (rC+)
                  | [demonic ancestry]
  2188 | D:3      | Reached XP level 6. HP: 47/47 MP: 6/6
  2538 | D:4      | Noticed Ijyb
  2553 | D:4      | Killed Ijyb
  2776 | D:4      | Found a burning altar of Makhleb.
  2816 | D:4      | Noticed Natasha
  2827 | D:4      | Killed Natasha
  2832 | D:4      | Noticed Natasha
  2839 | D:4      | Killed Natasha
  2839 | D:4      | Reached skill level 4 in Fighting
  3046 | D:4      | Gained mutation: You have very sharp fingernails. [demonic
                  | ancestry]
  3046 | D:4      | Reached XP level 7. HP: 42/55 MP: 7/7
  3332 | D:4      | Noticed Natasha
  3337 | D:4      | Killed Natasha
  3508 | D:4      | Reached skill level 5 in Fighting
  3643 | D:5      | Entered Level 5 of the Dungeon
  4723 | D:6      | Found a staircase to the Ecumenical Temple.
  4797 | Temple   | Entered the Ecumenical Temple
  4822 | Temple   | Became a worshipper of Gozag Ym Sagoz the Greedy
  5133 | D:6      | Reached XP level 8. HP: 60/63 MP: 8/8
  5390 | D:7      | Reached skill level 6 in Fighting
  5425 | D:7      | Noticed a hippogriff
  5450 | D:7      | HP: 3/64 [hippogriff (5)]
  5466 | D:6      | Killed a hippogriff
  5466 | D:6      | Reached skill level 5 in Staves
  5466 | D:6      | Reached skill level 5 in Dodging
  6174 | D:7      | Reached skill level 7 in Fighting
  6174 | D:7      | Reached skill level 5 in Armour
  6284 | D:7      | Noticed a hippogriff
  6296 | D:7      | Killed a hippogriff
  6296 | D:7      | Reached XP level 9. HP: 54/72 MP: 9/9
  6469 | D:8      | Paralysed by a hornet for 1 turns
  6490 | D:8      | Slain by a hornet

Skill      XL: |  1  2  3  4  5  6  7  8 |
---------------+-------------------------+-----
Armour         | 1 2 3 4 5 |  5.1
Staves         | 3 4 5 |  5.5
Dodging        | 3 4 5 |  5.4
Fighting       | 3 4 5 7 |  7.3
Throwing       | |  1.7

Action                   |  1- 3 |  4- 6 |  7- 9 || total
-------------------------+-------+-------+-------++-------
Melee: Quarterstaff      |   125 |   192 |   405 ||   722
Throw: Throwing net      |       |       |     5 ||     5
Invok: Potion Petition   |       |       |     1 ||     1
  Use: Potion            |     3 |       |     2 ||     5
       Scroll            |       |     2 |     2 ||     4
 Stab: Sleeping          |       |     2 |       ||     2
       Held in net/web   |       |       |     1 ||     1
  Eat: Chunk             |       |     7 |     5 ||    12
       Ration            |       |       |     2 ||     2
Armor: Leather armour    |    37 |    47 |    68 ||   152
       Skin              |    16 |       |       ||    16
       Chain mail        |       |       |    98 ||    98
Dodge: Dodged            |   109 |   120 |   331 ||   560
